 Seeded DCSS version 0.30.1-11-g7821555f0a (webtiles) character file.

Game seed: 6962973379254283827 (custom seed)

11 Psyclone the Conjurer (level 2, 15/15 HPs)
             Began as a Deep Elf Conjurer on Nov 7, 2023.
             Was an Initiate of Gozag.
             Quit the game on level 2 of the Dungeon.
             The game lasted 00:01:41 (197 turns).

Psyclone the Conjurer (Deep Elf Conjurer)            Turns: 197, Time: 00:01:42

Health: 15/15      AC:  2    Str:  4    XL:     2   Next: 17%
Magic:  8/8        EV: 12    Int: 28    God:    Gozag
Gold:   707        SH:  0    Dex: 13    Spells: 6/7 levels left

rFire   . . .        (no weapon)
rCold   + . .        (no shield)
rNeg    . . .        a - +0 robe
rPois   .            (no helmet)
rElec   .            (no cloak)
rCorr   .            (no gloves)
SInv    .            (no boots)
Will    .....        (no amulet)
Stlth   ++           d - +6 ring of intelligence
HPRegen 0.22/turn    (no ring)
MPRegen 0.11/turn

%: no passive effects
@: no status effects
A: cold resistance 1, wild magic 1
a: Renounce Religion, Potion Petition, Call Merchant, Bribe Branch


You were on level 2 of the Dungeon.
You worshipped Gozag.
Gozag was pleased with you.
You visited 1 branch of the dungeon, and saw 2 of its levels.

You collected 1284 gold pieces.
You spent 78 gold pieces at shops.
You paid 499 gold pieces to Gozag.

Inventory:

Armour
 a - a +0 robe (worn)
Jewellery
 d - a +6 ring of intelligence (left hand)
Scrolls
 c - 2 scrolls of identify {unknown}
 e - a scroll of vulnerability {unknown}
Potions
 b - a potion of magic
 f - a potion of heal wounds {unknown}


   Skills:
 - Level 2.4 Dodging
 - Level 2.4 Stealth
 + Level 3.4 Spellcasting
 * Level 4.8 Conjurations


You had 6 spell levels left.
You knew the following spells:

 Your Spells              Type           Power      Damage    Failure   Level
a - Magic Dart            Conj           100%       1d8       2%          1

Your spell library contained the following spells:

 Spells                   Type           Power      Damage    Failure   Level
 Searing Ray              Conj           82%        2d7       3%          2
 Dazzling Flash           Conj/Hex       46%        N/A       13%         3
 Fulminant Prism          Conj/Hex       11%        3d8       36%         4
 Iskenderun's Mystic Bla  Conj/Tloc      23%        2d6       36%         4


Dungeon Overview and Level Annotations

Branches:
Dungeon (2/15) Zot: 11803

Altars:
Gozag

Shops:
D:2 *


Innate Abilities, Weirdness & Mutations

Your flesh is cold resistant. (rC+)
Your spells are a little harder to cast, but a little more powerful.


Message History

You now have 6/8 mp.
Found a clear potion.
Found a faded altar of an unknown god.
There is a dry fountain here.
There is a dry fountain here.
f - a clear potion
There is a faded altar of an unknown god here.
MP restored: 8 This altar belongs to (a) Ru, (b) Gozag or (c) Sif Muna, but you can't tell which.
Press the corresponding letter to learn more about a god, or press enter to convert or escape to cancel.
Okay, then.
This altar belongs to (a) Ru, (b) Gozag or (c) Sif Muna, but you can't tell which.
Press the corresponding letter to learn more about a god, or press enter to convert or escape to cancel.
Gozag accepts your prayer! Gozag welcomes you!
Gozag waives the service fee.
You have enough gold to petition Gozag for potion effects.
You have enough gold to fund merchants seeking to open stores in the dungeon. [a] 499 gold - Deadomm's Assorted Antiques [b] 579 gold - Hevoi's Jewellery Shop [c] 638 gold - Jugaczac's Book Shoppe Fund which merchant?
You no longer have enough gold to fund merchants seeking to open stores in the dungeon.
Deadomm invites you to visit their Assorted Antiques.
g - a scroll labelled EBBIXT TOOSM;
h - a scroll labelled KEMIPTEAMA
i - a scroll labelled SOGILE TAOLUU;
j - a grey potion Thank you for shopping at Deadomm's Assorted Antiques!
It was a potion of mutation.
You feel extremely strange.
You feel less in control of your magic.
You feel resistant to cold.
As you read the scroll labelled EBBIXT TOOSM, it crumbles to dust.
You feel strangely unstable.
It was a scroll of teleportation.
As you read the scroll labelled KEMIPTEAMA, it crumbles to dust.
It is a scroll of enchant weapon.
You aren't carrying any weapons that can be enchanted.
As you read the scroll labelled SOGILE TAOLUU, it crumbles to dust.
You assume a fearsome visage.
Nothing appears to happen.
It was a scroll of fear.
Your surroundings suddenly seem different. 2 hobgoblins and a frilled lizard come into view.
The hobgoblin shouts!
The frilled lizard hisses angrily.
The hobgoblin shouts!
Unknown command.
Unknown command.
Are you sure you want to abandon this character and quit the game? (Confirm with "yes".)

#+ #. ## ##.
.### $
#..#...###
##........##
#...........
#.g.@....#
#.....#.....#
#.#..l. ...##
......... g.#
# ##.......
## ###...#..
###...## ## +


You could see 2 hobgoblins and a frilled lizard.

Vanquished Creatures
  2 ball pythons (D:2)
  An endoplasm (D:1)
  2 goblins
  A hobgoblin (D:1)
  3 kobolds (D:1)
  A rat (D:1)
10 creatures vanquished.

Notes
Turn   | Place    | Note
-------+----------+-------------------------------------------
     0 | D:1      | Psyclone the Deep Elf Conjurer began the quest for the Orb.
     0 | D:1      | Reached XP level 1. HP: 10/10 MP: 6/6
    67 | D:1      | Reached XP level 2. HP: 15/15 MP: 5/8
   113 | D:1      | Identified a scroll of acquirement
   113 | D:1      | Acquired 1271 gold pieces
   166 | D:2      | Found a faded altar of an unknown god.
   184 | D:2      | Prayed at the altar of an unknown god.
   184 | D:2      | Became a worshipper of Gozag Ym Sagoz the Greedy
   193 | D:2      | Bought a scroll labelled EBBIXT TOOSM for 20 gold pieces
   193 | D:2      | Bought a scroll labelled KEMIPTEAMA for 20 gold pieces
   193 | D:2      | Bought a scroll labelled SOGILE TAOLUU for 20 gold pieces
   193 | D:2      | Bought a grey potion for 18 gold pieces
   193 | D:2      | Gained mutation: Your spells are a little harder to cast,
                  | but a little more powerful. [potion of mutation]
   193 | D:2      | Gained mutation: Your flesh is cold resistant. (rC+)
                  | [potion of mutation]
   197 | D:2      | Quit the game

Illustrated notes

Levels and vault maps discovered:
D:1:      saegor_arrival_simple_d, layout_rooms
D:2:      minmay_skewed_foursquare, layout_basic,
          shapermc_ecumenical_altar_venn, nicolae_half_adder

Action                     || total
---------------------------++-------
   Cast: Magic Dart        ||    10
 Invoke: Call Merchant     ||     1
    Use: Scroll            ||     4
         Potion            ||     1
